 Dungeon Crawl Stone Soup version 0.29-a0-834-g1e95ca9f62 (webtiles) character file.

Game seed: 7380108594046840933

22635 purpskrrrp the Covert (level 13, -1/65 HPs)
             Began as a Vine Stalker Enchanter on July 13, 2022.
             Was an Initiate of Gozag.
             Slain by a meliai
             ... wielding a +0 war axe
              (4 damage)
             ... on level 1 of the Spider Nest.
             The game lasted 01:25:52 (14345 turns).

purpskrrrp the Covert (Vine Stalker Enchanter)     Turns: 14345, Time: 01:25:54

Health: -1/65      AC: 16    Str: 12    XL:     13   Next: 1%
Magic:  0/17       EV: 11    Int: 15    God:    Gozag
Gold:   479        SH:  4    Dex: 19    Spells: 13/16 levels left

rFire   + . .      SeeInvis +   C - +9 quick blade (venom)
rCold   + + .      Faith    .   F - +0 buckler
rNeg    . . .      Spirit   +   c - +6 scale mail {rC+}
rPois   .          Reflect  .   (no helmet)
rElec   .          Harm     .   H - scarf {rC+ rF+}
rCorr   .          Rampage  .   e - +0 pair of gloves
Will    +++..                   d - +0 pair of boots
Stlth   ++++......              b - amulet of magic regeneration
HPRegen 1.00/turn               E - ring of see invisible
MPRegen 0.55/turn               N - ring of willpower

@: lethally poisoned (-1 -> -2), gold aura
A: fangs 3, regeneration 1, magic shield, antimagic bite, no potion heal 2,
strong-willed 1
a: Renounce Religion, Potion Petition, Call Merchant, Bribe Branch


You were on level 1 of the Spider Nest.
You worshipped Gozag.
Gozag was aware of your devotion.
You visited 4 branches of the dungeon, and saw 15 of its levels.

You collected 2379 gold pieces.
You spent 1092 gold pieces at shops.
You paid 808 gold pieces to Gozag.

Inventory:

Hand Weapons
 l - a +7 short sword of venom
 s - a +4 vorpal dagger
 C - a +9 quick blade of venom (weapon)
 G - the +6 triple sword of Valuable Assets {vorpal, Contam rF+ rN+ Str+7}
   (You bought it in a shop on level 4 of the Dungeon)

   It inflicts extra damage upon your enemies.
   Str:       It affects your strength (+7).
   rF:        It protects you from fire.
   rN:        It protects you from negative energy.
   Contam:    It causes magical contamination when unequipped.
Missiles
 i - 21 poisoned darts
 v - 16 boomerangs
 x - 3 boomerangs of dispersal
 A - 3 atropa-tipped darts
Armour
 a - a +2 leather armour of positive energy
 c - a +6 scale mail of cold resistance (worn)
 d - a +0 pair of boots (worn)
 e - a +0 pair of gloves (worn)
 F - a +0 buckler (worn)
 H - a scarf of resistance (worn)
Jewellery
 b - an amulet of magic regeneration (around neck)
 f - an amulet of the acrobat
 y - a ring of ice
 z - a ring of willpower
 E - a ring of see invisible (left hand)
 M - a ring of fire
 N - a ring of willpower (right hand)
Wands
 j - a wand of mindburst (4) (quivered)
 q - a wand of charming (6)
 t - a wand of polymorph (7)
 u - a wand of flame (20)
Scrolls
 g - 6 scrolls of amnesia
 h - 3 scrolls of immolation
 B - 4 scrolls of identify
 J - a scroll of fog
 O - 2 scrolls of teleportation
 P - 2 scrolls of brand weapon
Potions
 k - 2 potions of might
 m - a potion of ambrosia
 n - 4 potions of heal wounds
 o - 8 potions of curing
 p - 2 potions of degeneration
 r - 5 potions of lignification
 w - 3 potions of resistance
 I - a potion of invisibility
 K - a potion of haste
Miscellaneous
 D - a piece from Xom's chessboard (15/15)


   Skills:
 + Level 6.1 Fighting
 * Level 10.8 Short Blades
 + Level 2.4 Throwing
 + Level 7.7 Armour
 + Level 4.5 Dodging
 * Level 12.4 Stealth
 + Level 0.2 Shields
 + Level 2.2 Spellcasting
 * Level 8.8 Hexes
 + Level 2.1 Evocations


You had 13 spell levels left.
You knew the following spells:

 Your Spells              Type           Power      Damage    Failure   Level
a - Dazzling Flash        Conj/Hex       30%        N/A       52%         3

Your spell library contained the following spells:

 Spells                   Type           Power      Damage    Failure   Level
 Confusing Touch          Hex            28%        N/A       10%         3
 Tukima's Dance           Hex            28%        N/A       10%         3
 Ensorcelled Hibernation  Hex/Ice        30%        N/A       30%         2
 Inner Flame              Hex/Fire       15%        N/A       52%         3
 Foxfire                  Conj/Fire      4%         2x1d4     77%         1
 Poisonous Vapours        Pois/Air       2%         N/A       88%         2
 Scorch                   Fire           2%         2d5       88%         2
 Anguish                  Hex/Necr       7%         N/A       89%         4
 Conjure Flame            Conj/Fire      1%         6-21      98%         3
 Gell's Gravitas          Tloc           1%         N/A       98%         3
 Ignite Poison            Fire/Tmut/Pois 1%         N/A       98%         3
 Lesser Beckoning         Tloc           1%         N/A       98%         3
 Mephitic Cloud           Conj/Pois/Air  1%         N/A       98%         3
 Spider Form              Tmut/Pois      1%         N/A       98%         3
 Teleport Other           Tloc           1%         N/A       98%         3
 Flame Wave               Conj/Fire      1%         2d4       100%        4
 Sticky Flame             Conj/Fire      1%         2d3       100%        4
 Freezing Cloud           Conj/Ice/Air   0%         6-21      100%        5
 Summon Cactus Giant      Summ           0%         N/A       100%        6
 Corpse Rot               Necr/Pois/Air  Unusable   N/A       N/A         4

Dungeon Overview and Level Annotations

Branches:
Dungeon (11/15)            Temple (1/1) D:7            Lair (2/6) D:8
 Shoals (0/4) Lair:2       Spider (1/4) Lair:2          Orc (0/2) D:10

Altars:
Ashenzari
Cheibriados
Dithmenos
Elyvilon
Fedhas
Gozag
Hepliaklqana
Kikubaaqudgha
Makhleb
Nemelex Xobeh
Okawaru
Qazlal
Ru
Sif Muna
Trog
Uskayaw
Vehumet
Wu Jian
Xom
Yredelemnul
Zin
The Shining One

Shops:
D:4 (   D:10 (   Lair:1 !

Annotations:
D:10 3 transporters
Temple 2 transporters


Innate Abilities, Weirdness & Mutations

You have razor-sharp teeth.
Your natural rate of healing is unusually fast.
When hurt, damage is shared between your health and your magic reserves.
Your bite disrupts and absorbs the magic of your enemies.
Potions cannot restore your health.
You are strong-willed. (Will+)


Message History

The meliai poisons you! The meliai attacks as you move away!
The meliai hits you with a +0 hand axe.
The meliai stings you but does no damage.
Found a stone staircase leading down.
You feel very sick. The meliai closely misses you.
The meliai stings you but does no damage.
The meliai hits you but does no damage. The meliai stings you!
The meliai attacks as you move away! The meliai hits you with a +0 hand axe.
The meliai stings you but does no damage.
You feel very sick. The meliai barely misses you.
You block the meliai's attack. The meliai closely misses you.
The meliai stings you but does no damage.
You feel very sick. You block the meliai's attack.
The meliai stings you but does no damage.
You feel sick.
You kill the tarantella!
The meliai invokes the aid of its god against you.
Something smites you!
The meliai invokes the aid of its god against you.
Something smites you!
* * * LOW HITPOINT WARNING * * *
The meliai attacks as you move away! The meliai barely misses you.
The meliai stings you.
* * * LOW HITPOINT WARNING * * *
You feel sick.
The meliai calls down the wrath of its god upon you.
Something smites you!
* * * LOW HITPOINT WARNING * * *
There is a crawl-hole back to the Lair here.
You feel sick. The meliai hits you but does no damage.
The meliai stings you but does no damage.
You block the meliai's attack. The meliai closely misses you.
The meliai hits you with a +0 hand axe.
* * * LOW HITPOINT WARNING * * *
The meliai misses you. The meliai hits you with a +0 war axe.
You die...
Your body crumbles into a pile of gold.

##..##...#
#....#..##
#.......##
###....#..# .#
##[##.#$..##!.#
#.............#
###..y.#....#..#
#...yy####.....#
##..#@# .......
#..#### .......
#### ...###.
...# #.#. ###.


You could see 3 meliai.

Vanquished Creatures
  A boulder beetle (D:11)
  Fannar (Lair:1)
  Erolcha (D:9)
  The ghost of zhov the Skirmisher, a journeyman DsHu of Gozag (D:11)
  4 two-headed ogres
  A skeletal warrior (D:10)
  Pikel (D:7)
  A deep elf pyromancer (D:10)
  Joseph (Lair:1)
  2 black mambas
  2 cane toads (Lair:2)
  An unseen horror (D:11)
  2 komodo dragons
  A kobold demonologist (D:9)
  A troll (D:8)
  4 polar bears
  3 blink frogs (Lair:1)
  A tarantella (Spider:1)
  The ghost of Encipher the Insei, an amateur OpTm of Ru (D:4)
  2 spriggans (D:11)
  3 wyverns
  37 yaks
  3 vampire mosquitoes (D:10)
  A steam dragon (D:8)
  2 acid dragons
  2 water moccasins
  3 orc warriors
  A sky beast (D:7)
  2 ice beasts
  A black bear (D:6)
  An ogre (D:5)
  3 wolves
  3 centaurs
  A phantom (D:2)
  4 lemures (D:7)
  A kobold brigand (D:9)
  8 bullfrogs
  3 gnoll sergeants
  A scorpion (D:5)
  8 wights
  9 killer bees
  5 electric eels (D:8)
  4 jellies
  2 howler monkeys
  7 hounds
  Crazy Yiuf (D:5)
  8 orc priests
  2 gnoll boudas
  5 iguanas
  9 orc wizards
  4 hell rats (Lair:2)
  23 gnolls
  11 adders
  A shadow imp (D:7)
  A white imp (D:6)
  4 worms
  4 dart slugs (D:3)
  37 orcs
  3 endoplasms
  3 giant cockroaches
  3 hobgoblins
  2 jackals (D:1)
  3 quokkas
  10 ball pythons
  8 bats
  A frilled lizard (D:1)
  8 goblins
  15 kobolds
  3 rats
  A butterfly (Lair:1)
317 creatures vanquished.

Vanquished Creatures (collateral kills)
  3 wights (D:4)
  2 killer bees (D:7)
  2 kobolds (D:7)
7 creatures vanquished.

Vanquished Creatures (others)
  A kobold brigand (D:7)
  A killer bee (D:7)
  9 fungi
  2 plants
13 creatures vanquished.

Grand Total: 337 creatures vanquished

Notes
Turn   | Place    | Note
-------+----------+-------------------------------------------
     0 | D:1      | purpskrrrp the Vine Stalker Enchanter began the quest for
                  | the Orb.
     0 | D:1      | Reached XP level 1. HP: 9/9 MP: 4/4
   117 | D:1      | Reached skill level 1 in Short Blades
   430 | D:1      | Reached XP level 2. HP: 7/13 MP: 1/6
  1045 | D:1      | Reached skill level 4 in Stealth
  1438 | D:2      | Reached XP level 3. HP: 11/16 MP: 7/7
  1617 | D:2      | Found a faded altar of an unknown god.
  2170 | D:2      | Gained mutation: Your natural rate of healing is unusually
                  | fast. [Vine Stalker growth]
  2170 | D:2      | Reached XP level 4. HP: 11/21 MP: 8/8
  2279 | D:2      | Noticed a phantom
  2310 | D:2      | Killed a phantom
  2311 | D:2      | Reached skill level 5 in Stealth
  2311 | D:2      | Reached XP level 5. HP: 17/25 MP: 5/9
  3298 | D:3      | Reached XP level 6. HP: 29/29 MP: 10/10
  3430 | D:3      | Reached skill level 1 in Fighting
  3508 | D:4      | Reached skill level 6 in Stealth
  3545 | D:4      | Found Diebiq's Antique Weapon Shop.
  3670 | D:4      | Found a shimmering blue altar of Sif Muna.
  3705 | D:4      | Reached skill level 1 in Armour
  3709 | D:4      | Reached XP level 7. HP: 17/33 MP: 8/11
  3893 | D:4      | Found a runed translucent gate.
  3894 | D:4      | Noticed Encipher's ghost (amateur OpTm)
  3895 | D:4      | Found a runed translucent gate.
  3896 | D:4      | Found a runed translucent gate.
  4087 | D:4      | Found a snail-covered altar of Cheibriados.
  4109 | D:4      | Bought a runed short sword for 120 gold pieces
  4219 | D:4      | Learned a level 3 spell: Dazzling Flash
  4241 | D:5      | Entered Level 5 of the Dungeon
  4379 | D:5      | HP: 1/34 [poisoned by an orc wizard]
  4403 | D:5      | Reached skill level 5 in Short Blades
  4403 | D:5      | Gained mutation: You have razor-sharp teeth. [Vine Stalker
                  | growth]
  4403 | D:5      | Reached XP level 8. HP: 24/39 MP: 9/12
  4428 | D:5      | Found an ancient bone altar of Kikubaaqudgha.
  4628 | D:5      | Found a runed translucent door.
  4629 | D:5      | Noticed Crazy Yiuf
  5034 | D:5      | Reached skill level 7 in Stealth
  5159 | D:5      | Killed Crazy Yiuf
  6055 | D:7      | Noticed Pikel
  6134 | D:7      | Reached XP level 9. HP: 43/43 MP: 13/13
  6149 | D:7      | Reached skill level 1 in Evocations
  6516 | D:7      | Found a staircase to the Ecumenical Temple.
  6537 | Temple   | Entered the Ecumenical Temple
  6537 | Temple   | Found a transporter.
  6537 | Temple   | Found a transporter.
  6539 | Temple   | Found a transporter.
  6539 | Temple   | Found a transporter.
  6557 | Temple   | Became a worshipper of Gozag Ym Sagoz the Greedy
  6663 | D:7      | Reached skill level 8 in Stealth
  6874 | D:7      | Killed Pikel
  6875 | D:7      | Reached skill level 5 in Hexes
  6914 | D:7      | Found a shadowy altar of Dithmenos.
  7279 | D:8      | Reached XP level 10. HP: 49/49 MP: 14/14
  8298 | D:8      | You fall into a shaft and drop 1 floor!
  8324 | D:9      | Reached skill level 9 in Stealth
  8424 | D:8      | Reached skill level 5 in Armour
  8496 | D:8      | Found a staircase to the Lair.
  8624 | D:9      | Noticed a kobold demonologist
  8634 | D:9      | Killed a kobold demonologist
  8741 | D:9      | Reached skill level 1 in Throwing
  8825 | D:9      | Noticed Erolcha
  8837 | D:9      | Killed Erolcha
  8838 | D:9      | Reached XP level 11. HP: 48/54 MP: 15/15
  8982 | D:9      | Found a sacrificial altar of Ru.
  9079 | D:10     | Entered Level 10 of the Dungeon
  9084 | D:10     | Noticed a skeletal warrior
  9084 | D:10     | Noticed a two-headed ogre
  9091 | D:10     | Noticed a sea snake
  9091 | D:10     | a floating eye changed into a sea snake
  9103 | D:9      | Killed a two-headed ogre
  9209 | D:10     | Found a transporter.
  9219 | D:10     | Found a transporter.
  9220 | D:10     | Found Urric's Weapon Shoppe.
  9220 | D:10     | Found a transporter.
  9221 | D:10     | Found a staircase to the Orcish Mines.
  9227 | D:10     | Found a transporter.
  9309 | D:10     | Reached skill level 10 in Stealth
  9579 | D:9      | Identified a scroll of acquirement
  9579 | D:9      | Acquired a +9 quick blade
  9711 | D:10     | Noticed a deep elf pyromancer
  9718 | D:10     | Killed a deep elf pyromancer
  9753 | D:10     | Killed a skeletal warrior
  9754 | D:10     | Reached skill level 10 in Short Blades
  9766 | D:10     | Noticed a storm dragon
  9860 | D:10     | Noticed a two-headed ogre
  9877 | D:10     | Found a transporter.
  9877 | D:10     | Noticed a two-headed ogre
  9878 | D:10     | Found a transporter.
  9880 | D:10     | Killed a two-headed ogre
  9881 | D:10     | Reached skill level 5 in Fighting
  9922 | D:10     | Found an iron altar of Okawaru.
 10123 | D:10     | Killed a two-headed ogre
 10266 | D:4      | Bought a twisted triple sword for 300 gold pieces
 10266 | D:4      | Identified the +6 triple sword of Valuable Assets {vorpal,
                  | Contam rF+ rN+ Str+7} (You bought it in a shop on level 4
                  | of the Dungeon)
 10330 | D:4      | Killed Encipher's ghost
 10845 | D:10     | Found a bloodstained altar of Trog.
 11194 | D:11     | Reached XP level 12. HP: 53/60 MP: 13/16
 11289 | D:11     | Identified the +2 ring mail "Faisir" {-Tele rF+ Dex+3}
 11337 | D:11     | Noticed a two-headed ogre
 11347 | D:11     | HP: 3/60 [two-headed ogre/+0 giant club (8)]
 11349 | D:11     | Killed a two-headed ogre
 11350 | D:11     | Reached skill level 11 in Stealth
 11486 | D:11     | Found a runed translucent door.
 11488 | D:11     | Identified the +1 trident of Ashraedgh {flame, rC- rCorr
                  | Str+8 Dex+3}
 11492 | D:11     | Noticed zhov's ghost (journeyman DsHu)
 11574 | D:11     | Noticed a boulder beetle
 11914 | D:11     | Killed a boulder beetle
 12137 | D:11     | Killed zhov's ghost
 12354 | Lair:1   | Entered Level 1 of the Lair of Beasts
 12607 | Lair:1   | Noticed Joseph
 12638 | Lair:1   | Killed Joseph
 12666 | Lair:1   | Noticed Fannar
 12687 | Lair:1   | Killed Fannar
 13164 | Lair:1   | Bought a potion of mutation for 128 gold pieces
 13164 | Lair:1   | Bought 2 potions of resistance for 320 gold pieces
 13164 | Lair:1   | Bought a potion of haste for 160 gold pieces
 13164 | Lair:1   | Bought a potion of might for 64 gold pieces
 13164 | Lair:1   | Gained mutation: You are strong-willed. (Will+) [potion of
                  | mutation]
 13224 | Lair:2   | Reached skill level 12 in Stealth
 13358 | Lair:2   | Found a staircase to the Shoals.
 13760 | Lair:2   | Reached XP level 13. HP: 63/65 MP: 17/17
 13822 | Lair:2   | Found a hole to the Spider Nest.
 14322 | Spider:1 | Entered Level 1 of the Spider Nest
 14345 | Spider:1 | HP: 3/65 [meliai/+0 hand axe (2)]
 14345 | Spider:1 | Slain by a meliai

Illustrated notes

Levels and vault maps discovered:
D:1:      heliophobic_arrival_dark_side_of_the_moon, layout_basic,
          corexii_corridor_pit, reono_crystal_passage
D:2:      layout_basic, hellmonk_ecumenical_altar_blasted
D:3:      layout_loops_cross
D:4:      layout_rooms, lemuel_doored_altar, mainiacjoe_overflow_alcove_1,
          biasface_ghost_orc_armoury, serial_shops,
          nicolae_shop_overgrown_old_shop
D:5:      layout_basic, amcnicky_altar_gilded, uniq_crazy_yiuf_cottage
D:6:      layout_gridville
D:7:      layout_loops_ring, mainiacjoe_overflow_small_starburst,
          minmay_temple_entry_grid, uniq_pikel
D:8:      layout_gridville, erik_lair_island
D:9:      layout_rooms, nicolae_ru_the_path_less_chosen, uniq_erolcha
D:10:     cheibrodos_elevator_heist, layout_long_grid,
          nicolae_overflow_crystal_walls, trog_ov_bears_minmay, orc_david_3,
          enter_bailey_5, serial_nicolae_subway, nicolae_sub_station_stone,
          nicolae_sub_station_crystal, nicolae_sub_station_metal
D:11:     layout_irregular_city, ebering_ghost_funeral_grove
Temple:   hellmonk_temple_divided_pantheon
Lair:1:   layout_cave_pods, lemuel_fruit_fields, infiniplex_staircase_pool_2,
          uniq_fannar, uniq_joseph
Lair:2:   layout_loops_ring, elwin_shoals_entry_rocks, dummy_spider_entry,
          serial_rivers, chequers_serial_rivers_small_b,
          chequers_serial_rivers_large_a, chequers_serial_rivers_micro_e,
          chequers_serial_rivers_micro_c, chequers_serial_rivers_marsh,
          cheibrodos_lair_reptile_den
Spider:1: layout_spider_delve

Skill      XL: |  1  2  3  4  5  6  7  8  9 10 11 12 |
---------------+-------------------------------------+-----
Short Blades   | 1 2 3 5 6 7 9 10 | 10.8
Stealth        | 4 5 6 7 8 9 10 12 | 12.4
Dodging        | 2 3 4 |  4.5
Fighting       | 1 2 3 4 5 6 |  6.1
Armour         | 1 2 3 4 5 6 7 |  7.7
Hexes          | 4 5 6 7 8 |  8.8
Evocations     | 1 2 |  2.1
Throwing       | 1 2 |  2.4
Shields        | |  0.2
Spellcasting   | |  2.2

Action                   |  1- 3 |  4- 6 |  7- 9 | 10-12 | 13-15 || total
-------------------------+-------+-------+-------+-------+-------++-------
Melee: Dagger            |    81 |   255 |    62 |       |       ||   398
       Bite              |     9 |    77 |   105 |   277 |     1 ||   469
       Punch             |     2 |     3 |     4 |     3 |       ||    12
       Short sword       |       |       |   232 |   282 |       ||   514
       Quick blade       |       |       |       |   425 |     3 ||   428
Throw: Boomerang         |       |       |     2 |    30 |       ||    32
       Dart              |       |       |       |     1 |       ||     1
Invok: Potion Petition   |       |       |       |     1 |       ||     1
       Call Merchant     |       |       |       |     1 |       ||     1
Evoke: Wand              |       |     1 |    14 |    18 |       ||    33
  Use: Potion            |       |     2 |     4 |     2 |       ||     8
       Scroll            |       |     1 |    18 |    13 |       ||    32
 Stab: Sleeping          |     8 |     6 |     2 |    13 |       ||    29
       Invisible         |       |     2 |       |     1 |       ||     3
       Distracted        |       |       |       |     6 |       ||     6
Armor: Robe              |    21 |    11 |       |       |       ||    32
       Scale mail        |       |    91 |   121 |   181 |    10 ||   403
       Skin              |       |       |     2 |       |       ||     2
Dodge: Dodged            |    58 |    98 |   160 |   204 |     7 ||   527
Block: Buckler           |       |       |       |    11 |     4 ||    15

Table legend: (Time is in decaauts)
 A = Elapsed time spent in this place.
 B = Non-inter-level travel time spent in this place.
 C = Inter-level travel time spent in this place.
 D = Time resting spent in this place.
 E = Time spent auto-exploring this place.
 F = Levels seen in this place.
 G = Mean time per level.
                   A        B        C        D        E       F      G
               +--------+--------+--------+--------+--------+-----+--------+
         Total |  13895 |  12215 |   1680 |    413 |   8091 |  15 |  926.3 |
       Dungeon |  11988 |  10398 |   1590 |    413 |   6655 |  11 | 1089.8 |
        Temple |     36 |     16 |     20 |      0 |      6 |   1 |   36.0 |
          Lair |   1849 |   1779 |     70 |      0 |   1429 |   2 |  924.5 |
   Spider Nest |     21 |     21 |      0 |      0 |      0 |   1 |   21.0 |
               +--------+--------+--------+--------+--------+-----+--------+

Top non-repeatable levels by time:
     D:8: 1577 daAuts
     D:1: 1403 daAuts
     D:2: 1293 daAuts
  Lair:2: 1071 daAuts
    D:10: 1069 daAuts
     D:5: 1066 daAuts
    D:11: 1034 daAuts
     D:7: 1030 daAuts
     D:9: 990 daAuts
     D:6: 880 daAuts
     D:3: 833 daAuts
     D:4: 808 daAuts
  Lair:1: 778 daAuts
  Temple: 36 daAuts
Spider:1: 21 daAuts
